 Dungeon Crawl Stone Soup version 0.31-a0-1612-g4aaf141004 (webtiles) character file.

Game seed: 806456183270741886

119111 Xavori the Arsonist (level 17, -23/108 HPs)
             Began as a Djinni Chaos Knight on Jan 9, 2024.
             Was a Plaything of Xom.
             Annihilated by a boulder beetle (25 damage)
             ... on level 14 of the Dungeon.
             The game lasted 00:41:39 (31279 turns).

Xavori the Arsonist (Djinni Chaos Knight)          Turns: 31279, Time: 00:41:39

Health: -23/108    AC: 26    Str: 11    XL:     17   Next: 33%
Gold:   2819       EV: 18    Int: 14    God:    Xom [*.....] SH: 19 Dex: 25

rFire   + + +        O - +9 double sword (freeze)
rCold   x . .        H - +5 Storm Queen's Shield {shock, Fly rElec}
rNeg    . . .        B - quicksilver dragon scales
rPois   ∞            (helmet restricted)
rElec   +            U - +2 cloak
rCorr   .            T - +2 pair of gloves
SInv    .            (boots unavailable)
Will    ++...        S - amulet of the acrobat
Stlth   +            X - +6 ring of dexterity
HPRegen 0.38/turn    w - +4 ring of protection
MPRegen 0.00/turn

%: acrobat, clarity, infuse magic (-24 HP)
@: frozen, flying, studying Fire Magic, very slow
A: sickness immunity, fire resistance 3, cold vulnerability 1, float, innate
caster, HP casting, extra vitality 1, antennae 1, claws 2, clarity, dopey 1,
frail 1, sense surroundings 2, shaggy fur 2, wild magic 2
a: Renounce Religion


You were on level 14 of the Dungeon.
You worshipped Xom.
You were a special plaything of Xom.
You visited 3 branches of the dungeon, and saw 21 of its levels.
You also visited: Trove, Ossuary, Bailey and Ice Cave.

You collected 3686 gold pieces.
You spent 867 gold pieces at shops.

Inventory:

Hand Weapons
 y - the +7 Throatcutter {drain, coup de grace}
   (You found it on level 5 of the Dungeon)
 A - the +7 lajatang of Order {silver, rMut}
   (You took it off a spriggan in a bailey)

   rMut:      It protects you from mutation.
 F - a +4 scimitar of flaming
 O - a +9 double sword of freezing (weapon)
Missiles
 p - 5 throwing nets (quivered)
Armour
 v - a scarf of invisibility
 B - quicksilver dragon scales (worn)
 H - the +5 Storm Queen's Shield (worn) {shock, Fly rElec}
   (You took it off an orc on level 8 of the Dungeon)

   Shock:     When it blocks an attack, it may electrocute the attacker.
   This works even against foes who are a short distance away.
   rElec:     It insulates you from electricity.
   Fly:       It grants you flight.
 T - a +2 pair of gloves (worn)
 U - a +2 cloak (worn)
 Z - a +0 robe of resistance
Jewellery
 w - a +4 ring of protection (right hand)
 E - a ring of positive energy
 N - a ring of resist corrosion
 Q - the ring of Pontapna {*Slow rElec Dex+4 SInv Stlth+}
   (You found it in a treasure trove)

   [ring of see invisible]

   Dex+4:     It affects your dexterity (+4).
   rElec:     It insulates you from electricity.
   SInv:      It lets you see invisible.
   *Slow:     It may slow you when you take damage.
   Stlth+:    It makes you more stealthy.
 S - an amulet of the acrobat (around neck)
 W - a +5 ring of evasion
 X - a +6 ring of dexterity (left hand)
 Y - a ring of see invisible
Wands
 j - a wand of iceblast (5)
 n - a wand of paralysis (6)
 r - a wand of mindburst (16)
 z - a wand of acid (3)
 K - a wand of digging (3)
 M - a wand of flame (20)
Scrolls
 a - 2 scrolls of enchant armour
 c - 3 scrolls of butterflies
 f - 2 scrolls of torment
 h - 8 scrolls of teleportation
 i - 4 scrolls of fear
 m - 3 scrolls of identify
 o - a scroll of fog
 q - 3 scrolls of blinking
 C - 7 scrolls of revelation
 G - a scroll of enchant weapon
 I - 3 scrolls of poison
Potions
 b - 3 potions of resistance
 d - 4 potions of attraction
 e - 6 potions of cancellation
 g - 5 potions of brilliance
 k - 4 potions of curing
 l - a potion of degeneration {unknown}
 s - 4 potions of heal wounds
 t - 3 potions of might
 u - 2 potions of berserk rage
 x - 2 potions of enlightenment
 D - 2 potions of invisibility
 J - a potion of mutation
 V - 2 potions of haste
Miscellaneous
 L - a phial of floods
 P - a lightning rod (4/4)
 R - a box of beasts


   Skills:
 + Level 11.3 Fighting
 + Level 10.4 Long Blades
 + Level 11.0 Armour
 + Level 12.1 Dodging
 + Level 11.3 Shields
 * Level 11.5 Spellcasting
 * Level 11.5 Conjurations
 * Level 11.5 Hexes
 * Level 11.5 Summonings
 * Level 11.5 Necromancy
 * Level 11.5 Translocations
 * Level 13.4 Fire Magic
 * Level 11.5 Ice Magic
 * Level 11.5 Air Magic
 * Level 11.5 Earth Magic
 * Level 11.5 Alchemy
 + Level 9.9 Evocations


You knew the following spells:

 Your Spells              Type           Power      Damage    Failure   Level
a - Foxfire               Conj/Fire      100%       2x1d9     1%          1
b - Call Imp              Summ           100%       N/A       2%          2
c - Gell's Gravitas       Tloc           59%        N/A       4%          3
d - Call Canine Familiar  Summ           59%        N/A       4%          3
e - Dimensional Bullseye  Hex/Tloc       29%        N/A       10%         4
f - Fireball              Conj/Fire      31%        3d13      16%         5
g - Bombard               Conj/Erth      29%        9d5       69%         6
h - Orb of Destruction    Conj           29%        9d9       99%         7
Your spell library was empty.

Dungeon Overview and Level Annotations

Branches:
Dungeon (14/15)            Temple (0/1) D:4            Lair (5/5) D:9
 Shoals (0/4) Lair:2        Snake (0/4) Lair:2        Slime (0/5) Lair:5
    Orc (2/2) D:9             Elf (0/3) Orc:2       Ossuary (visited)
 Bailey (visited)           IceCv (visited)
 Vaults: D:13-14

Altars:
Ashenzari
Dithmenos
Gozag
Hepliaklqana
Makhleb
Nemelex Xobeh
Okawaru
Qazlal
Ru
Trog
Uskayaw
Wu Jian
Xom
Zin
Jiyva

Shops:
D:5 *   D:9 !(([   Orc:2 [(=!

Annotations:
D:9 3 runed translucent doors, jasper's ghost, novice DsCA


Innate Abilities, Weirdness & Mutations

You are immune to sickness and miasma.
You are immune to poison.
Your flesh is almost immune to the effects of heat. (rF+++)
You are vulnerable to cold. (rC-)
You float through the air rather than walking.
You learn spells naturally, not from books.
Your magical power is your life essence.
You have superior vitality. (+4 MHP)
You have a pair of small antennae on your head.
You have very sharp fingernails.
You possess an exceptional clarity of mind.
You are dopey. (Int -2)
You are frail. (-10% HP)
You passively map the area around you.
You are covered in thick fur. (AC +2)
Your spells are harder to cast, but more powerful.


Message History

The boulder beetle is heavily wounded.
The boulder beetle leaps!
You block the boulder beetle's attack.
You slash the boulder beetle! You freeze the boulder beetle.
The boulder beetle is severely wounded.
You block the boulder beetle's attack.
Your shield discharges, shocking the boulder beetle!
You hit the boulder beetle but do no damage.
The boulder beetle is almost dead.
The ironbound frostheart calls freezing cold from the walls.
The frost grips you!
You feel a terrible chill!
Xom roars with laughter!
You are encased in ice.
The frost grips your large abomination!!
The boulder beetle misses you. You block the boulder beetle's attack.
You hit the boulder beetle but do no damage.
The boulder beetle is almost dead.
Your large abomination hits the ironbound frostheart!!
The ironbound frostheart touches your large abomination but does no damage.
The boulder beetle leaps!
The ice encasing you melts away.
The ironbound frostheart touches your large abomination.
The ironbound frostheart freezes your large abomination!!
Your large abomination is destroyed!
Your large abomination disappears in a puff of smoke!
The boulder beetle curls into a ball and begins rolling!
Aiming: Corrosive Bolt
Press: ? - help, Shift-Dir - straight line, f - ironbound frostheart
Aim: an ironbound frostheart, wearing a +0 ring mail (purple smoke, heavily wounded, 77% to hit)
The bolt of acid hits the ironbound frostheart!!
The acid corrodes the ironbound frostheart!
The ironbound frostheart is almost dead.
The ironbound frostheart calls freezing cold from the walls.
The frost grips you!!!
You feel a terrible chill!
* * * LOW HITPOINT WARNING * * *
You emit a cloud of colourful smoke!
You are encased in ice.
The boulder beetle hits you!!
You die...
Xom cackles wildly!

** * p* * * p * * ** * , .#
######### .# #§○B@§.§# ##.##
########## #§#####p# ####...#
.........# #.#...#.# #.##...##
.........####.#.#.#.#####.#..X..#
.........'.##...#.#.'.X.'.#.pp..#
.........#.##.###.#######.##§''##
.........#.##[#.#..<# #..)§....
#'####.###<.'.#.##### #####+###
#.# #......#.......#


You could see a boulder beetle (rolling) and an ironbound frostheart (corroded).

Vanquished Creatures
  Kirke (Lair:2)
  Nessos (Lair:5)
  A white draconian (IceCv)
  A dire elephant (Lair:5)
  Snorg (D:13)
  3 catoblepae
  2 alligators (D:12)
  3 centaur warriors
  5 hydras
  Erica (D:9)
  6 two-headed ogres
  2 boulder beetles
  10 death yaks (Lair:5)
  5 orc high priests (Orc:2)
  A deep troll shaman (Lair:5)
  Urug (D:13)
  2 skysharks (Lair:3)
  A goliath frog (D:13)
  A mana viper (shapeshifter) (D:13)
  16 skeletal warriors
  4 orc knights
  An oklob plant (Lair:1)
  18 ugly things
  2 cyclopes
  4 manticores
  8 elephants
  2 ice statues (IceCv)
  2 black mambas
  7 kobold blastminers
  A merfolk siren (Lair:2)
  2 gargoyles
  A torpor snail (Lair:4)
  3 unseen horrors (D:12)
  15 cane toads
  9 komodo dragons
  An unseen horror (shapeshifter) (D:14)
  8 rime drakes
  A freezing wraith (D:13)
  Psyche (D:9)
  A kobold demonologist (D:13)
  3 tengu conjurers
  2 trolls
  3 polar bears
  A troll (shapeshifter) (D:13)
  Prince Ribbit (D:9)
  28 blink frogs
  2 slime creatures (D:13)
  2 shadows
  7 spriggans (Bailey)
  A wraith (D:9)
  6 wyverns
  25 yaks
  A warg (Orc:1)
  2 fire bats (D:12)
  4 steam dragons
  A human (D:14)
  6 basilisks
  16 vampire mosquitoes
  7 nagas (Lair:2)
  11 water moccasins
  2 hell hounds (D:12)
  41 orc warriors
  A sky beast (D:7)
  5 black bears
  An ice beast (D:8)
  2 laughing skulls (D:13)
  12 ogres
  11 wolves
  4 boggarts (Lair:2)
  7 centaurs
  An elf zombie (Ossuary)
  4 kobold brigands
  18 bullfrogs
  2 gnoll sergeants
  A scorpion (D:4)
  3 wights (D:6)
  4 killer bees (D:9)
  4 lindwurm simulacra (IceCv)
  2 vampire bats (D:12)
  5 howler monkeys
  4 komodo dragon simulacra (IceCv)
  31 orc priests
  A human zombie (Ossuary)
  2 bombardier beetles (D:4)
  A jelly (D:6)
  A gnoll bouda (D:10)
  5 hounds
  5 iguanas
  Natasha (thrice) (D:4)
  23 orc wizards
  3 hell rats
  5 mummies
  22 gnolls
  4 river rats (D:12)
  4 acid dragon simulacra (IceCv)
  3 adders
  A shadow imp (D:5)
  3 white imps (D:12)
  4 ufetubi (D:5)
  9 steam dragon simulacra (IceCv)
  A ribbon worm (D:5)
  3 dart slugs
  86 orcs
  10 endoplasms
  2 giant cockroaches
  A gnoll zombie (Ossuary)
  6 goblins
  5 hobgoblins
  10 jackals
  19 kobolds
  3 quokkas
  5 ball pythons
  13 bats
  8 frilled lizards
  2 hobgoblin zombies (Ossuary)
  2 jackal zombies (Ossuary)
  A kobold zombie (Ossuary)
  An orc zombie (Ossuary)
  7 rats
733 creatures vanquished.

Vanquished Creatures (collateral kills)
  Frances (D:12)
  A vault guard (D:14)
  A death yak (Lair:5)
  2 skeletal warriors (D:14)
  An orc sorcerer (Orc:2)
  A spriggan (Bailey)
  An ice beast (D:7)
  A hound (D:6)
  2 gnolls
  9 white imps (D:12)
  An orc (Orc:2)
  2 hobgoblins
  A kobold zombie (Ossuary)
  A rat zombie (Ossuary)
25 creatures vanquished.

Vanquished Creatures (others)
  A hydra (Lair:5)
  A human (Lair:3)
  A vampire mosquito (D:13)
  An elf zombie (Ossuary)
  A bullfrog (Lair:3)
  An orc wizard (Orc:1)
  A ball python zombie (D:1)
  A foxfire (D:8)
8 creatures vanquished.

Grand Total: 766 creatures vanquished

Notes
Turn   | Place    | Note
-------+----------+-------------------------------------------
     0 | D:1      | Xavori the Djinni Chaos Knight began the quest for the Orb.
     0 | D:1      | Reached XP level 1. HP: 20/20 MP: 0/0
    23 | D:1      | Reached XP level 2. HP: 14/25 MP: 0/0
    35 | D:1      | XOM: silly message
    91 | D:1      | XOM: silly message
   148 | D:1      | XOM: silly message
   389 | D:1      | Reached XP level 3. HP: 30/30 MP: 0/0
   389 | D:1      | Learned a level 1 spell: Foxfire
   434 | D:1      | XOM: noise
   760 | D:1      | XOM: divination: magic mapping
  1590 | D:1      | XOM: cloud trail
  2370 | D:1      | Identified the +1 cloak of Yfoow {Harm Int-2 Dex-3 SInv}
                  | (Xom gifted it to you on level 1 of the Dungeon)
  2370 | D:1      | XOM: god gift: +1 cloak of Yfoow {Harm Int-2 Dex-3 SInv}
  2728 | D:1      | XOM: god gift: 8 stones
  3254 | D:1      | XOM: stat loss: -1 Dex (13/14)
  3716 | D:1      | XOM is BORED!
  3716 | D:1      | XOM: stat loss: -2 Int (11/13)
  4062 | D:1      | XOM: noise
  4687 | D:1      | XOM: summons 2 hostile demons
  4732 | D:2      | Reached skill level 1 in Spellcasting
  4732 | D:2      | Reached skill level 1 in Conjurations
  4732 | D:2      | Reached skill level 1 in Hexes
  4732 | D:2      | Reached skill level 1 in Summonings
  4732 | D:2      | Reached skill level 1 in Necromancy
  4732 | D:2      | Reached skill level 1 in Translocations
  4732 | D:2      | Reached skill level 1 in Fire Magic
  4732 | D:2      | Reached skill level 1 in Ice Magic
  4732 | D:2      | Reached skill level 1 in Air Magic
  4732 | D:2      | Reached skill level 1 in Earth Magic
  4732 | D:2      | Reached skill level 1 in Alchemy
  5266 | D:1      | XOM: stat loss: -1 Dex (11/14)
  5500 | D:1      | XOM: give mutation
  5500 | D:1      | Gained mutation: You have sharp fingernails. [Xom's
                  | mischief]
  5563 | D:1      | XOM: noise
  5730 | D:1      | XOM: god gift: 12 gold pieces
  5775 | D:1      | XOM: cloud trail
  5899 | D:1      | XOM: scenery: summon butterflies
  6851 | D:1      | XOM: god gift: 22 gold pieces
  7087 | D:1      | XOM: god gift: scroll labelled BARPHO OGUSSO {god gift}
  7111 | D:1      | XOM: give mutations
  7111 | D:1      | Gained mutation: You are strong-willed. (Will+) [Xom's
                  | grace]
  7111 | D:1      | Gained mutation: You have a beak for a mouth. [Xom's grace]
  7111 | D:1      | Gained mutation: Your muscles are strong. (Str +4, Int/Dex
                  | -1) [Xom's grace]
  7111 | D:1      | Gained mutation: You expend health (3 HP) to strengthen
                  | your wands. [Xom's grace]
  7523 | D:1      | XOM is BORED!
  8799 | D:1      | XOM: summons 2 hostile demons
  9122 | D:2      | XOM: cloud trail
  9242 | D:2      | XOM: summons 2 friendly demons
  9243 | D:2      | Reached XP level 4. HP: 9/35 MP: 0/0
  9421 | D:2      | XOM: torment (19/35 hp)
  9630 | D:3      | XOM: 1-stop teleportation journey
  9645 | D:3      | Identified the +0 leather armour of the Demon Prince
                  | {Str+3}
  9654 | D:3      | XOM: silly message
  9739 | D:3      | Found an ornate altar of the Wu Jian Council.
  9750 | D:3      | Found an iron altar of Okawaru.
  9751 | D:3      | Found a broken altar of Ashenzari.
  9751 | D:3      | Found a shimmering altar of Xom.
  9751 | D:3      | Found a hazy altar of Hepliaklqana.
  9752 | D:3      | Found a shadowy altar of Dithmenos.
  9753 | D:3      | Found a stormy altar of Qazlal.
  9755 | D:3      | Found a sparkling altar of Nemelex Xobeh.
  9756 | D:3      | Found a sacrificial altar of Ru.
  9756 | D:3      | Found a glowing silver altar of Zin.
  9757 | D:3      | Found a hide-covered altar of Uskayaw.
  9758 | D:3      | Found an opulent altar of Gozag.
  9903 | D:3      | XOM: smoke on damage
 10136 | D:3      | Reached XP level 5. HP: 40/40 MP: 0/0
 10136 | D:3      | Learned a level 2 spell: Call Imp
 10325 | D:4      | Reached skill level 2 in Fire Magic
 10325 | D:4      | Reached XP level 6. HP: 39/46 MP: 0/0
 10384 | D:4      | Noticed an orc warrior
 10386 | D:4      | XOM: noise
 10388 | D:4      | XOM: divination: detect creatures
 10392 | D:4      | XOM: enchant monster (bad)
 10395 | D:4      | Reached skill level 1 in Shields
 10408 | D:4      | Killed an orc warrior
 10858 | D:4      | Noticed an ogre
 10862 | D:4      | Reached XP level 7. HP: 50/52 MP: 0/0
 10862 | D:4      | Learned a level 3 spell: Gell's Gravitas
 11339 | D:4      | Found a staircase to the Ecumenical Temple.
 11345 | D:4      | Noticed Natasha
 11346 | D:4      | XOM: enchant monster (bad)
 11355 | D:4      | Killed Natasha
 11372 | D:4      | Noticed Natasha
 11384 | D:4      | Killed Natasha
 11413 | D:4      | Noticed Natasha
 11422 | D:4      | Killed Natasha
 11561 | D:5      | Entered Level 5 of the Dungeon
 11571 | D:5      | Found Aront's Lightly-Used Armoury.
 11615 | D:5      | XOM: silly message
 11638 | D:5      | XOM: silly message
 11651 | D:5      | XOM: stat loss: -1 Dex (12/13)
 11669 | D:5      | Reached skill level 3 in Fire Magic
 11707 | D:5      | Found a sand-covered staircase.
 11714 | D:5      | Reached XP level 8. HP: 38/58 MP: 0/0
 11757 | Ossuary  | Entered an ossuary
 11760 | Ossuary  | XOM: summons friendly white imp
 11774 | Ossuary  | XOM: divination: detect creatures
 11801 | Ossuary  | XOM: cleaving
 11828 | Ossuary  | XOM: destruction
 12277 | Ossuary  | XOM: give mutations
 12277 | Ossuary  | Gained mutation: You occasionally shout uncontrollably at
                  | your foes. [Xom's mischief]
 12277 | Ossuary  | Gained mutation: You do not regenerate when monsters are
                  | visible. [Xom's mischief]
 12278 | Ossuary  | Lost mutation: You occasionally shout uncontrollably at
                  | your foes. [potion of mutation]
 12278 | Ossuary  | Lost mutation: You are strong-willed. (Will+) [potion of
                  | mutation]
 12278 | Ossuary  | Lost mutation: You have a beak for a mouth. [potion of
                  | mutation]
 12278 | Ossuary  | Lost mutation: Your muscles are strong. (Str +4, Int/Dex
                  | -1) [potion of mutation]
 12278 | Ossuary  | Gained mutation: You occasionally lose the ability to read
                  | scrolls when taking damage. [potion of mutation]
 12278 | Ossuary  | Gained mutation: You have a pair of small horns on your
                  | head. [potion of mutation]
 12279 | Ossuary  | Lost mutation: You occasionally lose the ability to read
                  | scrolls when taking damage. [potion of mutation]
 12279 | Ossuary  | Lost mutation: You expend health (3 HP) to strengthen your
                  | wands. [potion of mutation]
 12279 | Ossuary  | Lost mutation: You do not regenerate when monsters are
                  | visible. [potion of mutation]
 12279 | Ossuary  | Gained mutation: A frigid envelope surrounds you and
                  | freezes all who hurt you. [potion of mutation]
 12279 | Ossuary  | Gained mutation: You have hidden genetic defects. [potion
                  | of mutation]
 12279 | Ossuary  | Lost mutation: You have hidden genetic defects. [potion of
                  | mutation]
 13039 | D:5      | XOM: give mutations
 13039 | D:5      | Gained mutation: You are weak. (Str -2) [Xom's mischief]
 13039 | D:5      | Gained mutation: You are covered in fur. (AC +1) [Xom's
                  | mischief]
 13039 | D:5      | Lost mutation: You have a pair of small horns on your head.
                  | [Xom's mischief]
 13208 | D:5      | XOM: enchant monster (bad)
 13379 | D:5      | Found the +7 Throatcutter {drain, coup de grace}
 13402 | D:5      | XOM: silly message
 13703 | D:5      | XOM: god gift: book of the Moon
 13817 | D:6      | XOM: cast spell 'Summon Small Mammal'
 13821 | D:6      | Reached skill level 5 in Fighting
 13838 | D:6      | Reached XP level 9. HP: 49/65 MP: 0/0
 13838 | D:6      | Learned a level 3 spell: Call Canine Familiar
 13871 | D:6      | Found a bloodstained altar of Trog.
 13979 | D:6      | Identified the +2 robe of Light {^Contam rPois Dex+4}
 14043 | D:6      | XOM: summons friendly quasit
 14046 | D:6      | Reached skill level 5 in Dodging
 14049 | D:6      | Reached skill level 4 in Fire Magic
 14398 | D:7      | XOM: noise
 14472 | D:7      | XOM: 1-stop teleportation journey
 14483 | D:7      | Found a burning altar of Makhleb.
 14542 | D:7      | XOM: divination: detect creatures
 14581 | D:7      | XOM: cast spell 'Animate Armour'
 14655 | D:7      | Reached skill level 5 in Long Blades
 14728 | D:7      | XOM: god gift: plate armour {god gift}
 14930 | D:7      | Reached skill level 1 in Evocations
 15212 | D:8      | XOM: polymorph bullfrog -> endoplasm
 15215 | D:8      | Noticed a two-headed ogre
 15222 | D:8      | XOM: confuse monster(s)
 15225 | D:8      | Killed a two-headed ogre
 15226 | D:8      | Reached skill level 5 in Armour
 15226 | D:8      | Reached skill level 5 in Spellcasting
 15226 | D:8      | Reached skill level 5 in Conjurations
 15226 | D:8      | Reached skill level 5 in Hexes
 15226 | D:8      | Reached skill level 5 in Summonings
 15226 | D:8      | Reached skill level 5 in Necromancy
 15226 | D:8      | Reached skill level 5 in Translocations
 15226 | D:8      | Reached skill level 5 in Fire Magic
 15226 | D:8      | Reached skill level 5 in Ice Magic
 15226 | D:8      | Reached skill level 5 in Air Magic
 15226 | D:8      | Reached skill level 5 in Earth Magic
 15226 | D:8      | Reached skill level 5 in Alchemy
 15226 | D:8      | Reached XP level 10. HP: 69/72 MP: 0/0
 15271 | D:8      | Found a flagged portal.
 15286 | Bailey   | Entered a bailey
 15322 | Bailey   | Noticed a two-headed ogre
 15323 | Bailey   | XOM: summons 10 friendly demons
 15353 | Bailey   | Reached skill level 5 in Shields
 15353 | Bailey   | Killed a two-headed ogre
 15445 | Bailey   | XOM: scenery: create altars
 15480 | Bailey   | XOM: god gift: scroll of torment
 15589 | Bailey   | XOM: confuse monster(s)
 15603 | Bailey   | Reached XP level 11. HP: 78/78 MP: 0/0
 15603 | Bailey   | Learned a level 4 spell: Dimensional Bullseye
 15704 | D:8      | XOM: give mutations
 15704 | D:8      | Gained mutation: Your flesh is almost immune to the effects
                  | of heat. (rF+++) [Xom's grace]
 15704 | D:8      | Gained mutation: You are resistant to electric shocks.
                  | (rElec) [Xom's grace]
 15704 | D:8      | Gained mutation: You are partially covered in iridescent
                  | scales. (AC +2) [Xom's grace]
 15704 | D:8      | Gained mutation: You are covered in thick fur. (AC +2)
                  | [Xom's grace]
 15754 | D:8      | Noticed a purple ugly thing
 15770 | D:8      | Killed a purple ugly thing
 15771 | D:8      | Reached skill level 6 in Fire Magic
 15775 | D:8      | Noticed a catoblepas
 15924 | D:8      | XOM: cleaving
 16084 | D:8      | Identified the +4 flail "Kunlysoh" {spect, Dex+5}
 16141 | D:8      | XOM: polymorph efreet -> hell rat
 16282 | D:8      | XOM: divine lightning
 16286 | D:8      | Killed a catoblepas
 16351 | D:8      | Noticed a manticore
 16356 | D:8      | Killed a manticore
 16356 | D:8      | Identified the +10 flail of Risk Management {flame, Str+2
                  | Int+2}
 16631 | D:8      | Reached skill level 7 in Fire Magic
 16631 | D:8      | Reached skill level 5 in Evocations
 16631 | D:8      | Reached XP level 12. HP: 85/85 MP: 0/0
 16632 | D:8      | Reached XP level 13. HP: 92/92 MP: 0/0
 16632 | D:8      | Learned a level 5 spell: Fireball
 16661 | D:9      | Found Numebuhi's Distillery.
 16664 | D:9      | Bought a potion of resistance for 130 gold pieces
 16664 | D:9      | Bought a potion of might for 52 gold pieces
 16664 | D:9      | Bought a potion of heal wounds for 65 gold pieces
 16673 | D:9      | Noticed Prince Ribbit
 16677 | D:9      | Reached skill level 8 in Fire Magic
 16677 | D:9      | Noticed Erica
 16683 | D:9      | Killed Erica
 16697 | D:9      | Killed Prince Ribbit
 16707 | D:9      | XOM: cleaving
 16712 | D:9      | Found a staircase to the Orcish Mines.
 16870 | D:9      | XOM: god gift: 2 potions of brilliance
 16965 | D:9      | Found a staircase to the Lair.
 17024 | D:9      | Found Dagoak's Antique Armour Boutique.
 17034 | D:9      | Bought a runed cloak for 172 gold pieces
 17096 | D:9      | Found Wifymm Unam's Weapon Boutique.
 17230 | D:9      | Found Xelipset's Weapon Boutique.
 17264 | D:9      | Noticed Psyche
 17265 | D:9      | Found a runed translucent gate.
 17266 | D:9      | Found a runed translucent gate.
 17266 | D:9      | Found a runed translucent gate.
 17267 | D:9      | Noticed jasper's ghost (novice DsCA)
 17270 | D:9      | Killed Psyche
 17303 | D:9      | XOM: potion effect (berserk rage)
 17536 | D:9      | Found a viscous altar of Jiyva.
 17560 | D:9      | XOM: give mutations
 17560 | D:9      | Gained mutation: You are dopey. (Int -2) [Xom's mischief]
 17560 | D:9      | Gained mutation: You occasionally lose the ability to drink
                  | potions when taking damage. [Xom's mischief]
 17560 | D:9      | Gained mutation: You expend health (3 HP) to strengthen
                  | your wands. [Xom's mischief]
 17613 | D:10     | Entered Level 10 of the Dungeon
 17629 | D:10     | XOM: give mutations
 17629 | D:10     | Gained mutation: You have very sharp fingernails. [Xom's
                  | grace]
 17629 | D:10     | Lost mutation: You are weak. (Str -2) [Xom's grace]
 17629 | D:10     | Gained mutation: Your natural rate of healing is unusually
                  | fast. [Xom's grace]
 17699 | D:10     | XOM: fog
 17865 | D:10     | XOM: give mutations
 17865 | D:10     | Lost mutation: You are resistant to electric shocks.
                  | (rElec) [Xom's mischief]
 17865 | D:10     | Lost mutation: You expend health (3 HP) to strengthen your
                  | wands. [Xom's mischief]
 17865 | D:10     | Gained mutation: Your spells are a little harder to cast,
                  | but a little more powerful. [Xom's mischief]
 18249 | D:11     | XOM: enchant monster (good)
 18272 | D:11     | XOM: cast spell 'Olgreb's Toxic Radiance'
 18344 | D:11     | XOM: smoke on damage
 18411 | D:11     | XOM: 1-stop teleportation journey
 18658 | D:11     | Reached XP level 14. HP: 87/99 MP: 0/0
 18748 | Lair:1   | XOM: stealth player
 18748 | Lair:1   | Entered Level 1 of the Lair of Beasts
 18791 | Lair:1   | XOM: enchant monster (good)
 18862 | Lair:1   | XOM: confusion (+ monsters)
 19264 | Lair:1   | Reached skill level 9 in Fire Magic
 19311 | Lair:1   | XOM: god gift: scroll of noise
 19544 | Lair:2   | Reached skill level 10 in Shields
 19577 | Lair:2   | XOM: enchant monster (good)
 19628 | Lair:2   | Found a staircase to the Snake Pit.
 19714 | Lair:2   | Identified a scroll of acquirement
 19715 | Lair:2   | Acquired a manual of Fire Magic
 20008 | Lair:2   | XOM: 4-stop teleportation journey
 20119 | Lair:2   | XOM: noise
 20212 | Lair:2   | Identified the maw talisman of Buenar {rElec}
 20289 | Lair:2   | Found a staircase to the Shoals.
 20564 | Lair:3   | Noticed Kirke
 20569 | Lair:3   | XOM: noise
 20580 | Lair:2   | Killed Kirke
 20639 | Lair:3   | XOM: silly message
 20744 | Lair:3   | XOM: 1-stop teleportation journey
 21259 | Lair:3   | XOM: give mutations
 21259 | Lair:3   | Lost mutation: Your natural rate of healing is unusually
                  | fast. [Xom's mischief]
 21259 | Lair:3   | Gained mutation: You are frail. (-10% HP) [Xom's mischief]
 21259 | Lair:3   | Lost mutation: You occasionally lose the ability to drink
                  | potions when taking damage. [Xom's mischief]
 21407 | Lair:4   | Reached skill level 10 in Fire Magic
 21572 | Lair:4   | Reached XP level 15. HP: 94/94 MP: 0/0
 21572 | Lair:4   | Learned a level 6 spell: Bombard
 21725 | Lair:4   | XOM: smoke on damage
 21763 | Lair:4   | Reached skill level 10 in Dodging
 21784 | Lair:4   | XOM: confuse monster(s)
 22417 | Lair:5   | Entered Level 5 of the Lair of Beasts
 22424 | Lair:5   | XOM: blink monster(s)
 22425 | Lair:5   | Noticed Nessos
 22434 | Lair:5   | XOM: cast spell 'Alistair's Intoxication'
 22509 | Lair:4   | XOM: divination: detect items
 22780 | Lair:5   | XOM: give mutations
 22780 | Lair:5   | Lost mutation: You are partially covered in iridescent
                  | scales. (AC +2) [Xom's mischief]
 22780 | Lair:5   | Lost mutation: A frigid envelope surrounds you and freezes
                  | all who hurt you. [Xom's mischief]
 22787 | Lair:5   | Killed Nessos
 22834 | Lair:5   | XOM: god gift: 37 gold pieces
 22951 | Lair:5   | XOM: cleaving
 23069 | Lair:5   | XOM: confuse monster(s)
 23075 | Lair:5   | Reached skill level 10 in Spellcasting
 23075 | Lair:5   | Reached skill level 10 in Conjurations
 23075 | Lair:5   | Reached skill level 10 in Hexes
 23075 | Lair:5   | Reached skill level 10 in Summonings
 23075 | Lair:5   | Reached skill level 10 in Necromancy
 23075 | Lair:5   | Reached skill level 10 in Translocations
 23075 | Lair:5   | Reached skill level 10 in Ice Magic
 23075 | Lair:5   | Reached skill level 10 in Air Magic
 23075 | Lair:5   | Reached skill level 10 in Earth Magic
 23075 | Lair:5   | Reached skill level 10 in Alchemy
 23313 | Lair:5   | Found a staircase to the Slime Pits.
 23314 | Lair:5   | Found a viscous altar of Jiyva.
 23350 | Lair:5   | Reached skill level 11 in Fire Magic
 23357 | Lair:5   | XOM: divination: magic mapping
 23495 | Lair:5   | XOM: enchant monster (bad)
 23525 | Lair:5   | XOM: fake destruction
 23554 | Lair:5   | XOM: confusion (+ monsters)
 23556 | Lair:5   | XOM: fog
 23562 | Lair:5   | XOM: summons 2 friendly demons
 23566 | Lair:5   | Reached skill level 10 in Fighting
 23566 | Lair:5   | XOM: polymorph crimson imp -> chaos spawn
 23648 | Lair:5   | XOM: summons 4 friendly demons
 23754 | Lair:5   | XOM: god gift: 5 stones
 23857 | Lair:5   | XOM: potion effect (invisibility)
 24023 | Lair:5   | XOM: summons 8 hostile demons
 24427 | Orc:1    | Entered Level 1 of the Orcish Mines
 24439 | Orc:1    | XOM: polymorph orc priest -> bat
 24790 | Orc:2    | Entered Level 2 of the Orcish Mines
 24803 | Orc:2    | XOM: cast spell 'Summon Ice Beast'
 24927 | Orc:1    | XOM: 1-stop teleportation journey
 25007 | Orc:2    | XOM: summons friendly quasit
 25142 | Orc:2    | XOM: polymorph quasit -> hellwing
 25273 | Orc:2    | XOM: summons friendly shadow imp
 25283 | Orc:2    | Found a staircase to the Elven Halls.
 25405 | Orc:2    | XOM: polymorph shadow imp -> ufetubus
 25452 | Orc:2    | Reached XP level 16. HP: 87/101 MP: 0/0
 25913 | Orc:2    | XOM: cast spell 'Metabolic Englaciation'
 25924 | Orc:2    | XOM: scenery: summon butterflies
 25938 | Orc:2    | Reached skill level 10 in Armour
 25951 | Orc:2    | XOM: noise
 25954 | Orc:2    | XOM: potion effect (invisibility)
 25979 | Orc:1    | XOM: 4-stop teleportation journey
 26120 | Orc:2    | XOM: summons 8 friendly demons
 26248 | Orc:2    | Reached skill level 12 in Fire Magic
 26389 | Orc:2    | Found Doxkes's Antique Armour Shop.
 26392 | Orc:2    | Found Vidim's Jewellery Boutique.
 26393 | Orc:2    | Found Dimilon's Distillery.
 26394 | Orc:2    | Found Ileqor's Weapon Shop.
 26422 | Orc:2    | Bought a potion of heal wounds for 80 gold pieces
 26422 | Orc:2    | Bought a potion of curing for 48 gold pieces
 26422 | Orc:2    | Bought a potion of haste for 160 gold pieces
 26422 | Orc:2    | Bought a potion of haste for 160 gold pieces
 26527 | D:12     | XOM: cast spell 'Olgreb's Toxic Radiance'
 26547 | D:12     | XOM: give mutations
 26547 | D:12     | Gained mutation: You passively map a small area around you.
                  | [Xom's grace]
 26547 | D:12     | Gained mutation: You possess an exceptional clarity of
                  | mind. [Xom's grace]
 26599 | D:11     | XOM: give mutations
 26607 | D:12     | XOM: cast spell 'Summon Ice Beast'
 26626 | D:12     | Noticed Frances
 26641 | D:12     | Killed Frances
 26653 | D:12     | Found a frozen archway.
 26753 | IceCv    | Entered an ice cave
 27583 | IceCv    | XOM: give mutation
 27583 | IceCv    | Gained mutation: You are partially covered in large bone
                  | plates. (SH +4) [Xom's grace]
 28063 | D:12     | XOM: summons 3 hostile shadow creatures
 28537 | D:12     | XOM: swap monsters
 28741 | D:12     | XOM: cleaving
 28760 | D:12     | XOM: cleaving
 28764 | D:12     | Reached skill level 10 in Long Blades
 29041 | D:12     | XOM: scenery: summon butterflies
 29154 | D:13     | Noticed Snorg
 29161 | D:13     | Killed Snorg
 29186 | D:13     | XOM: give mutation
 29186 | D:13     | Gained mutation: You have a pair of small antennae on your
                  | head. [Xom's grace]
 29286 | D:13     | XOM: polymorph slime creature -> shapeshifter
 29398 | D:13     | XOM: cloud trail
 29488 | D:13     | Noticed Jorgrun
 29491 | D:13     | XOM: destruction
 29498 | D:13     | Jorgrun changed into Jorgrun the goliath frog
 29498 | D:13     | Noticed Jorgrun
 29498 | D:13     | XOM: polymorph Jorgrun -> Jorgrun the goliath frog
 29502 | D:13     | Killed Jorgrun the goliath frog
 29668 | D:13     | XOM: give mutations
 29668 | D:13     | Gained mutation: Your movements are slightly less
                  | encumbered by armour. (ER -2) [Xom's grace]
 29668 | D:13     | Gained mutation: You passively map the area around you.
                  | [Xom's grace]
 29668 | D:13     | Gained mutation: Your spells are harder to cast, but more
                  | powerful. [Xom's grace]
 29835 | D:13     | Noticed Urug
 29849 | D:13     | Killed Urug
 29850 | D:13     | Reached skill level 13 in Fire Magic
 30037 | D:13     | XOM: cloud trail
 30165 | D:14     | XOM: cast spell 'Metabolic Englaciation'
 30166 | D:14     | XOM: cast spell 'Summon Hydra'
 30183 | D:14     | Reached XP level 17. HP: 104/108 MP: 0/0
 30183 | D:14     | Learned a level 7 spell: Orb of Destruction
 30221 | D:14     | Found an opulent altar of Gozag.
 30328 | D:14     | XOM: blink monster(s)
 30333 | D:14     | XOM: cast spell 'Cause Fear'
 30493 | D:14     | XOM: 4-stop teleportation journey
 30542 | D:14     | XOM: summons 9 friendly demons
 30545 | D:14     | XOM: swap monsters
 30700 | D:14     | XOM: divination: detect creatures
 30705 | D:14     | XOM: enchant monster (good)
 30711 | D:14     | XOM: enchant monster (good)
 30825 | D:14     | XOM: silly message
 30954 | D:14     | XOM: give mutations
 30954 | D:14     | Lost mutation: Your movements are slightly less encumbered
                  | by armour. (ER -2) [Xom's mischief]
 30954 | D:14     | Lost mutation: You are partially covered in large bone
                  | plates. (SH +4) [Xom's mischief]
 31013 | D:14     | Found a portal to a secret trove of treasure.
 31025 | D:14     | XOM: enchant monster (bad)
 31055 | Trove    | Entered a treasure trove
 31088 | Trove    | Identified the ring of Pontapna {*Slow rElec Dex+4 SInv
                  | Stlth+}
 31257 | D:14     | XOM: cast spell 'Summon Horrible Things'
 31279 | D:14     | HP: 2/108 [ironbound frostheart/creeping frost (39)]
 31279 | D:14     | XOM: smoke on damage
 31279 | D:14     | Annihilated by a boulder beetle

Illustrated notes

Levels and vault maps discovered:
D:1:      nzn_arrival_water_spiral, layout_loops_ring, hangedman_decor_push
D:2:      layout_basic, grunt_ministairs_10, lightli_corner_chamber
D:3:      layout_basic, nicolae_overflows_in_rows
D:4:      layout_cave_pools, minmay_temple_entry_sparse_star,
          minmay_pentomino_pile, uniq_natasha
D:5:      layout_layer_cave, gup_ossuary_entry_pyramid, minmay_shop_damaged,
          palyth_stone_intersect, serial_bayou_pond_e
D:6:      layout_cave_pools, trog_hazing_becter
D:7:      layout_loops_cross, kennysheep_little_box,
          hangedman_abyss_or_decor_lesser_grid
D:8:      minmay_tri_box, layout_loops_ring, enter_bailey_6, minmay_crossroads
D:9:      layout_cave_pods, lair_entry_dummy, david_orc_2, serial_shops, shop,
          shop, nicolae_stop_n_shop_2, nicolae_lakefront_shop,
          gammafunk_ghost_ooze, uniq_erica, uniq_psyche, uniq_prince_ribbit1
D:10:     layout_rooms
D:11:     layout_small_grid
D:12:     layout_loops_cross, portal_ice_cave_entry_imps,
          hangedman_parallel_progression, uniq_frances
D:13:     layout_roguey, uniq_snorg, uniq_jorgrun, uniq_urug
D:14:     layout_roguey [special_room_orc], hellmonk_vaults_keyhole,
          nicolae_gozag_seed_capital, enter_trove_0, serial_aquarium,
          aquarium_bridge_island_large [aquarium_subvault_large_open,
          aquarium_subvault_window, aquarium_subvault_bridge,
          aquarium_subvault_window, aquarium_subvault_bridge],
          aquarium_window_corridor_3, aquarium_window_2, aquarium_window_2,
          aquarium_view_2a, aquarium_balcony_1b
Lair:1:   layout_gridlike, hibernation_bobbens, lemuel_fruit_tree
Lair:2:   layout_chaotic_city, minmay_shoals_entry_lonely_mermaid,
          minmay_snake_entry_guardpost_medium, kilobyte_rumbling_trees,
          grunt_megastairs_5
Lair:3:   layout_misc_corridors, serial_forest, infiniplex_forest_lined_2,
          infiniplex_forest_end_3, infiniplex_forest_pool,
          infiniplex_forest_clump_tiny, infiniplex_forest_end_2,
          infiniplex_forest_lined_corner, uniq_kirke
Lair:4:   layout_gridlike, nzn_sisyphean_effort
Lair:5:   grunt_lair_end_beastmaster, layout_regular_city, slime_entry_1,
          uniq_nessos
Orc:1:    layout_caves
Orc:2:    st_orc_pillars, layout_caves

Skill      XL: |  1  2  3  4  5  6  7  8  9 10 11 12 13 14 15 16 17 |
---------------+----------------------------------------------------+-----
Spellcasting   | 1 2 3 5 7 8 9 10 11 | 11.5
Conjurations   | 1 2 3 5 7 8 9 10 11 | 11.5
Hexes          | 1 2 3 5 7 8 9 10 11 | 11.5
Summonings     | 1 2 3 5 7 8 9 10 11 | 11.5
Necromancy     | 1 2 3 5 7 8 9 10 11 | 11.5
Translocations | 1 2 3 5 7 8 9 10 11 | 11.5
Fire Magic     | 1 2 3 5 7 8 10 11 13 | 13.4
Ice Magic      | 1 2 3 5 7 8 9 10 11 | 11.5
Air Magic      | 1 2 3 5 7 8 9 10 11 | 11.5
Earth Magic    | 1 2 3 5 7 8 9 10 11 | 11.5
Alchemy        | 1 2 3 5 7 8 9 10 11 | 11.5
Long Blades    | 3 4 5 6 7 8 9 10 | 10.4
Armour         | 2 3 4 5 7 8 9 10 11 | 11.0
Dodging        | 3 4 6 7 8 9 10 11 12 | 12.1
Shields        | 1 2 3 4 5 7 8 9 10 11 | 11.3
Fighting       | 4 5 6 7 8 9 10 11 | 11.3
Evocations     | 2 3 5 6 7 8 9 |  9.9

Action                     |  1- 3 |  4- 6 |  7- 9 | 10-12 | 13-15 | 16-18 || total
---------------------------+-------+-------+-------+-------+-------+-------++-------
  Melee: Falchion          |    86 |   162 |   227 |       |       |       ||   475
         Peck              |     2 |    22 |    38 |       |       |       ||    62
         Long sword        |       |       |    70 |    89 |   753 |   616 ||  1528
         Headbutt          |       |       |     7 |       |       |       ||     7
         Double sword      |       |       |       |       |       |    19 ||    19
   Cast: Call Imp          |       |       |     2 |     1 |     2 |     1 ||     6
         Foxfire           |       |       |     1 |       |       |       ||     1
         Gell's Gravitas   |       |       |       |     1 |       |     1 ||     2
         Dimensional Bulls |       |       |       |       |     1 |       ||     1
         Call Canine Famil |       |       |       |       |     1 |       ||     1
         Fireball          |       |       |       |       |       |    39 ||    39
  Evoke: Wand              |       |     2 |     3 |     6 |     1 |     2 ||    14
         Lightning rod     |       |       |       |       |     1 |       ||     1
    Use: Scroll            |     1 |       |    20 |     1 |     5 |     6 ||    33
         Potion            |       |       |     2 |     3 |       |     1 ||     6
   Stab: Confused          |       |     1 |     1 |     1 |     6 |       ||     9
         Sleeping          |       |     1 |       |       |     3 |     2 ||     6
         Paralysed         |       |     7 |       |       |     1 |       ||     8
         Distracted        |       |       |     1 |       |     1 |     1 ||     3
         Petrifying        |       |       |       |       |     2 |       ||     2
         Petrified         |       |       |       |       |    10 |       ||    10
         Invisible         |       |       |       |       |     2 |       ||     2
 Armour: Leather armour    |    55 |    98 |   252 |    15 |       |       ||   420
         Quicksilver drago |       |       |       |    34 |   386 |   226 ||   646
  Dodge: Dodged            |    58 |   127 |   201 |    45 |   331 |   237 ||   999
  Block: Buckler           |       |    27 |    74 |    24 |       |       ||   125
         Kite shield       |       |       |       |       |   813 |   752 ||  1565

Table legend: (Time is in decaauts)
 A = Elapsed time spent in this place.
 B = Non-inter-level travel time spent in this place.
 C = Inter-level travel time spent in this place.
 D = Time resting spent in this place.
 E = Time spent auto-exploring this place.
 F = Levels seen in this place.
 G = Mean time per level.
                   A        B        C        D        E       F      G
               +--------+--------+--------+--------+--------+-----+--------+
         Total |  31539 |  30574 |    965 |  11197 |  14162 |  25 | 1261.6 |
       Dungeon |  21545 |  20917 |    628 |   9057 |   9029 |  14 | 1538.9 |
          Lair |   5729 |   5450 |    279 |    755 |   3610 |   5 | 1145.8 |
  Orcish Mines |   2079 |   2021 |     58 |    359 |   1048 |   2 | 1039.5 |
         Trove |     69 |     69 |      0 |      0 |     26 |   1 |   69.0 |
       Ossuary |    545 |    545 |      0 |    137 |    102 |   1 |  545.0 |
        Bailey |    391 |    391 |      0 |    138 |     88 |   1 |  391.0 |
      Ice Cave |   1178 |   1178 |      0 |    751 |    259 |   1 | 1178.0 |
               +--------+--------+--------+--------+--------+-----+--------+

Top non-repeatable levels by time:
     D:1: 8659 daAuts
  Lair:5: 1616 daAuts
     D:5: 1539 daAuts
    D:12: 1386 daAuts
  Lair:4: 1380 daAuts
   Orc:2: 1311 daAuts
     D:4: 1209 daAuts
   IceCv: 1178 daAuts
    D:14: 1094 daAuts
  Lair:2: 1071 daAuts
     D:8: 1056 daAuts
     D:9: 1049 daAuts
    D:13: 1009 daAuts
     D:2: 964 daAuts
     D:3: 864 daAuts
